[Event "Titled Tuesday Blitz July 25 Early 2023"]
[White "Kovalev, Vladislav"]
[Black "Zubritskiy, Artyom"]
[WhiteFideId "13504398"]
[BlackFideId "4181247"]
[WhiteElo "2968"]
[BlackElo "2778"]
[Result "0-1"]
[Round "7"]
[TimeControl "180+2"]
[Date "2023.07.25"]
[WhiteClock "0:00:00"]
[BlackClock "0:00:20"]
[Board "12"]

1. e4 c5 2. Nf3 Nf6 3. Nc3 Nc6 4. d4 d5 5. exd5 Nxd5 6. Nxd5 Qxd5 7. Be3 cxd4 8. Nxd4 a6 9. Be2 e5 10. Nb3 Qxg2 11. Bf3 Qg6 12. Nc5 Be7 13. Qe2 b6 14. Na4 e4 15. Bh5 Qf5 16. Nxb6 Qa5+ 17. c3 Rb8 18. Nxc8 Rxc8 19. Bg4 f5 20. Bh3 Ne5 21. O-O-O Qxa2 22. Qc2 O-O 23. Bd4 Bg5+ 24. Be3 Bxe3+ 25. fxe3 Nc4 26. Rd4 Nxe3 27. Qb1 Qb3 28. Qd3 exd3 0-1


[Site "https://www.chess.com"]

[Event "Titled Tuesday Blitz July 25 Early 2023"]
[White "Rozman, Levy"]
[Black "Bok, Benjamin"]
[WhiteFideId "2039877"]
[BlackFideId "1017063"]
[WhiteElo "2775"]
[BlackElo "2966"]
[Result "0-1"]
[Round "7"]
[TimeControl "180+2"]
[Date "2023.07.25"]
[WhiteClock "0:00:35"]
[BlackClock "0:01:55"]
[Board "13"]

1. e4 c5 2. Nc3 d6 3. d4 cxd4 4. Qxd4 Nc6 5. Qd2 g6 6. b3 Bh6 7. f4 Nf6 8. Bb2 O-O 9. O-O-O a5 10. a4 Nb4 11. Kb1 Qb6 12. Nf3 Bg4 13. Be2 Rac8 14. h3 Nxe4 15. Nxe4 Rxc2 16. Qd4 Rxb2+ 17. Qxb2 Bf5 18. Qd4 Qc6 19. Bd3 Nxd3 20. Rxd3 Qxe4 0-1


[Site "https://www.chess.com"]

[Event "Titled Tuesday Blitz July 25 Early 2023"]
[White "Anton Guijarro, David"]
[Black "Dvirnyy, Danyyil"]
[WhiteFideId "2285525"]
[BlackFideId "817570"]
[WhiteElo "2960"]
[BlackElo "2769"]
[Result "1-0"]
[Round "7"]
[TimeControl "180+2"]
[Date "2023.07.25"]
[WhiteClock "0:00:54"]
[BlackClock "0:00:00"]
[Board "14"]

1. d4 d6 2. Nf3 Nf6 3. Bg5 Nbd7 4. e3 g6 5. Nbd2 Bg7 6. c3 O-O 7. Bd3 b6 8. O-O Bb7 9. Re1 e5 10. Qc2 Qe7 11. e4 Qe6 12. Bc4 Qe8 13. a4 a6 14. b4 h6 15. Bh4 Nh5 16. Rac1 Ndf6 17. a5 b5 18. Bf1 Rc8 19. dxe5 dxe5 20. Nb3 Nd7 21. c4 c6 22. Rcd1 Nf4 23. Rd6 g5 24. Red1 Nf6 25. Nc5 gxh4 26. Nxb7 c5 27. Nxc5 Qe7 28. Nxh4 1-0


[Site "https://www.chess.com"]

[Event "Titled Tuesday Blitz July 25 Early 2023"]
[White "Terry, Renato"]
[Black "Csonka, Balazs"]
[WhiteFideId "3803457"]
[BlackFideId "742910"]
[WhiteElo "2957"]
[BlackElo "2764"]
[Result "1-0"]
[Round "7"]
[TimeControl "180+2"]
[Date "2023.07.25"]
[WhiteClock "0:01:57"]
[BlackClock "0:00:14"]
[Board "15"]

1. d4 Nf6 2. Nf3 d5 3. c4 c6 4. Nc3 e6 5. Bg5 dxc4 6. e4 b5 7. e5 h6 8. Bh4 g5 9. exf6 gxh4 10. Ne5 Qxf6 11. g3 Nd7 12. Qe2 Bd6 13. f4 Bb7 14. Bg2 a6 15. O-O-O Qe7 16. Bxc6 Bxe5 17. Bxb7 Ra7 18. dxe5 Rxb7 19. Ne4 O-O 20. gxh4 f5 21. Rhg1+ Kh8 22. Nd6 Ra7 23. Qh5 Qh7 24. Rg6 1-0


[Site "https://www.chess.com"]

[Event "Titled Tuesday Blitz July 25 Early 2023"]
[White "Matinian, Nikita"]
[Black "ChessBrah"]
[WhiteFideId "24129100"]
[WhiteElo "2757"]
[BlackElo "2934"]
[Result "0-1"]
[Round "7"]
[TimeControl "180+2"]
[Date "2023.07.25"]
[WhiteClock "0:00:00"]
[BlackClock "0:00:13"]
[Board "16"]

1. e4 c5 2. Nf3 e6 3. d4 cxd4 4. Nxd4 a6 5. Nc3 Qc7 6. Bd3 Nf6 7. Qe2 d6 8. f4 b5 9. a3 Bb7 10. Bd2 Nbd7 11. g4 Nc5 12. g5 Nfd7 13. b4 Nxd3+ 14. cxd3 Be7 15. Rc1 Qd8 16. h4 Rc8 17. f5 e5 18. Nf3 h6 19. Kf2 Nb6 20. Rcg1 d5 21. f6 gxf6 22. gxh6 dxe4 23. Nxe4 Nd5 24. h7 Rxh7 25. Rg8+ Bf8 26. Nc5 Qb6 27. Nxe5 fxe5 28. Qxe5+ Ne7 29. Re1 f6 30. Qf5 Rxc5 31. bxc5 Qc6 32. Re4 Rf7 33. Bh6 Kd8 34. Qh5 Nxg8 35. Qxf7 Bxc5+ 36. Kf1 Nxh6 0-1


[Site "https://www.chess.com"]

[Event "Titled Tuesday Blitz July 25 Early 2023"]
[White "Cherniaiev, Tykhon"]
[Black "Tari, Aryan"]
[WhiteFideId "14182360"]
[BlackFideId "1510045"]
[WhiteElo "2728"]
[BlackElo "2919"]
[Result "0-1"]
[Round "7"]
[TimeControl "180+2"]
[Date "2023.07.25"]
[WhiteClock "0:00:11"]
[BlackClock "0:00:50"]
[Board "17"]

1. Nf3 Nf6 2. c4 g6 3. g3 Bg7 4. Bg2 O-O 5. O-O c6 6. Nc3 d5 7. d4 dxc4 8. a4 Na6 9. Bg5 Nb4 10. Rc1 Be6 11. Bxf6 exf6 12. Ne4 b6 13. Ned2 b5 14. axb5 cxb5 15. b3 Na2 16. Ra1 Nc3 17. Qe1 cxb3 18. Nxb3 b4 19. Nfd2 Re8 20. e4 a5 21. Qe3 a4 22. Nc5 Qxd4 23. Qxd4 Ne2+ 24. Kh1 Nxd4 25. Rxa4 Rxa4 26. Nxa4 Ba2 27. Nb6 f5 28. exf5 Nxf5 29. Rc1 Bd4 30. Nd5 Re2 31. Nf3 Bxd5 32. Nxd4 Bxg2+ 33. Kxg2 Nxd4 34. Rc4 Nc2 35. Kf1 Rd2 36. h4 b3 37. Rc3 Nd4 38. Ke1 Re2+ 39. Kd1 Rxf2 40. Rd3 b2 41. Rxd4 b1=Q# 0-1


[Site "https://www.chess.com"]

[Event "Titled Tuesday Blitz July 25 Early 2023"]
[White "Koshulyan, Egor A."]
[Black "Galchenko, Matvey"]
[WhiteFideId "24237000"]
[BlackFideId "24175480"]
[WhiteElo "2702"]
[BlackElo "2912"]
[Result "1-0"]
[Round "7"]
[TimeControl "180+2"]
[Date "2023.07.25"]
[WhiteClock "0:00:10"]
[BlackClock "0:00:09"]
[Board "18"]

1. e4 e6 2. d4 d5 3. Nd2 a6 4. Ngf3 Nf6 5. Bd3 c5 6. e5 Nfd7 7. c3 Nc6 8. O-O g5 9. Nb1 g4 10. Ng5 cxd4 11. cxd4 Nxd4 12. Qxg4 Qb6 13. Be3 Bc5 14. Qf4 f5 15. exf6 e5 16. f7+ Ke7 17. Qh4 Qf6 18. Nc3 Nb6 19. b4 Bd6 20. Bxd4 exd4 21. Rae1+ Kd7 22. Re6 Qf4 23. Rxd6+ Qxd6 24. Qxd4 Rf8 25. Rc1 Kd8 26. Nce4 Qh6 27. Nf6 Nd7 28. Ne6+ Ke7 29. Nxf8 Qxc1+ 30. Bf1 Nxf8 31. Nxd5+ Ke6 32. Qe4+ Kd6 33. Qe7+ Kxd5 34. Qxf8 Qc7 35. Qg7 Be6 36. f8=Q Rxf8 37. Qxf8 Qc1 38. Qf3+ Kd6 39. Qd3+ Bd5 40. a3 Qb2 41. h3 h5 42. Qg6+ Be6 43. Kh2 Qe5+ 44. Qg3 Bf5 45. Qxe5+ Kxe5 46. Kg3 Kf6 47. Kh4 Kg6 48. Be2 Kf6 49. Bxh5 Bc2 50. Bf3 Ke5 51. Bxb7 Bd3 52. g4 Kd4 53. g5 Kc3 54. Kh5 Kb2 55. g6 Kxa3 56. g7 Bh7 57. Bxa6 Kxb4 58. Bc8 Bg8 59. Bf5 Kc5 60. Kg6 Kd6 61. Kf6 Bd5 62. h4 Bg8 63. h5 1-0


[Site "https://www.chess.com"]

[Event "Titled Tuesday Blitz July 25 Early 2023"]
[White "Yaran, Siar"]
[Black "Gholami Orimi, Mahdi"]
[WhiteFideId "6323006"]
[BlackFideId "12558486"]
[WhiteElo "2625"]
[BlackElo "2909"]
[Result "0-1"]
[Round "7"]
[TimeControl "180+2"]
[Date "2023.07.25"]
[WhiteClock "0:00:00"]
[BlackClock "0:00:09"]
[Board "19"]

1. d4 Nf6 2. c4 e6 3. Nc3 Bb4 4. e3 b6 5. Ne2 Ne4 6. a3 Bxc3+ 7. bxc3 f5 8. f3 Nf6 9. Ng3 Bb7 10. Bd3 O-O 11. O-O Nc6 12. e4 fxe4 13. fxe4 e5 14. Bg5 h6 15. Be3 d6 16. Nf5 Ne7 17. Nxh6+ gxh6 18. Bxh6 Rf7 19. c5 Kh8 20. Bc4 d5 21. exd5 Bxd5 22. Qb3 exd4 23. Bg5 Qg8 24. Rxf6 Qxg5 25. Bxd5 Rxf6 26. Bxa8 Qe3+ 27. Kh1 c6 28. cxb6 axb6 29. Qxb6 Qxc3 30. Rb1 d3 31. h3 d2 32. Qd8+ Ng8 33. Rd1 Qxa3 0-1


[Site "https://www.chess.com"]

[Event "Titled Tuesday Blitz July 25 Early 2023"]
[White "Plotkin, Mark"]
[Black "Andreikin, Dmitry"]
[WhiteFideId "2611651"]
[BlackFideId "4158814"]
[WhiteElo "2815"]
[BlackElo "3025"]
[Result "0-1"]
[Round "7"]
[TimeControl "180+2"]
[Date "2023.07.25"]
[WhiteClock "0:00:00"]
[BlackClock "0:00:08"]
[Board "20"]

1. e4 c5 2. Nf3 e6 3. d4 cxd4 4. Nxd4 a6 5. a3 Nf6 6. Bd3 Qc7 7. Nc3 Bc5 8. Nb3 Ba7 9. f4 d6 10. Qf3 Nc6 11. Be3 Bxe3 12. Qxe3 b5 13. g4 h6 14. O-O-O b4 15. axb4 Nxb4 16. Rhg1 Bb7 17. h4 h5 18. gxh5 Nxh5 19. f5 e5 20. Kb1 Rc8 21. Be2 Nf6 22. Bf3 Kf8 23. Rxg7 Kxg7 24. Qg5+ Kf8 25. Qxf6 Rg8 26. Na5 Ba8 27. Rxd6 Qxa5 28. Rd7 Rg7 29. h5 Bxe4 30. Bxe4 Rg1+ 31. Nd1 Qa2+ 32. Kc1 Qa1+ 33. Kd2 Qxd1+ 34. Ke3 Qe1+ 0-1


[Site "https://www.chess.com"]

[Event "Titled Tuesday Blitz July 25 Early 2023"]
[White "Shimanov, Aleksandr"]
[Black "Pakleza, Zbigniew"]
[WhiteFideId "4198603"]
[BlackFideId "1119290"]
[WhiteElo "3003"]
[BlackElo "2785"]
[Result "1/2-1/2"]
[Round "7"]
[TimeControl "180+2"]
[Date "2023.07.25"]
[WhiteClock "0:00:06"]
[BlackClock "0:00:04"]
[Board "21"]

1. e4 d6 2. d4 Nf6 3. f3 Nbd7 4. c4 e5 5. d5 Be7 6. Be3 O-O 7. Nc3 Nh5 8. Qd2 g6 9. O-O-O a6 10. Kb1 Nc5 11. g4 Nf4 12. Nge2 Nxe2 13. Bxe2 Bh4 14. Bd3 Nxd3 15. Qxd3 b6 16. Rhg1 Bd7 17. Qd2 Kh8 18. Ka1 Qe7 19. Rg2 Rg8 20. Rdg1 f6 21. a3 Bg5 22. Qf2 Bxe3 23. Qxe3 f5 24. g5 Rgf8 25. h4 Be8 26. Rh2 Qd7 27. f4 exf4 28. Qxf4 b5 29. cxb5 axb5 30. e5 dxe5 31. Qxe5+ Qg7 32. Re1 b4 33. Nb1 bxa3 34. Nxa3 Bd7 35. Rhe2 Rae8 36. Qf4 Rxe2 37. Rxe2 Re8 38. Rxe8+ Bxe8 39. Kb1 Qe7 40. Nc2 Kg8 41. Ne3 Bf7 42. Kc2 Qc5+ 43. Kd2 Bxd5 44. Qe5 Qb4+ 45. Ke2 Bf7 46. Qxc7 Qxb2+ 47. Kf3 Qd4 48. Qb8+ Kg7 49. Qf4 Qxf4+ 50. Kxf4 h6 51. Ke5 hxg5 52. hxg5 Be8 53. Ng2 Bb5 54. Nf4 Ba4 55. Ke6 Bb3+ 56. Ke7 Ba2 57. Kd6 Bb3 58. Ke5 Ba2 59. Nd3 Bb3 60. Nc5 Ba2 61. Na6 Bc4 62. Nc7 Ba2 63. Ne8+ Kf7 64. Nd6+ Kg7 65. Nb5 Bc4 66. Nd4 Ba2 67. Kd6 Bc4 68. Kc5 Ba2 69. Ne2 Kf7 70. Nf4 Bb3 71. Kb4 Ba2 72. Kc3 Be6 73. Kd4 Ba2 74. Nd3 Kg7 75. Ke5 Bb3 76. Nc5 Ba2 77. Nd3 1/2-1/2


[Site "https://www.chess.com"]

[Event "Titled Tuesday Blitz July 25 Early 2023"]
[White "Kosteniuk, Alexandra"]
[Black "Maghsoodloo, Parham"]
[WhiteFideId "4128125"]
[BlackFideId "12539929"]
[WhiteElo "2781"]
[BlackElo "2931"]
[Result "0-1"]
[Round "7"]
[TimeControl "180+2"]
[Date "2023.07.25"]
[WhiteClock "0:00:17"]
[BlackClock "0:00:54"]
[Board "22"]

1. e4 c5 2. c3 Nf6 3. e5 Nd5 4. Nf3 e6 5. d4 cxd4 6. cxd4 d6 7. Bc4 Nb6 8. Bd3 Nc6 9. O-O Nb4 10. Be4 d5 11. Bd3 Nxd3 12. Qxd3 Bd7 13. Nc3 a5 14. Bd2 Nc4 15. Rab1 Be7 16. Rfe1 O-O 17. b3 Nxd2 18. Nxd2 Rc8 19. Ne2 Qb6 20. Nf4 Bb5 21. Qe3 Rc2 22. Nf3 Rfc8 23. Rec1 Qc7 24. Rd1 Qc3 25. a4 Qxe3 26. fxe3 Ba6 27. Ne1 R2c3 28. Nfd3 Bg5 29. Kf2 b6 30. g3 f6 31. h4 Bh6 32. exf6 gxf6 33. Rb2 Kf7 34. Rdd2 Ke7 35. b4 e5 36. bxa5 exd4 37. exd4 Bxd2 38. Rxd2 Bxd3 39. Nxd3 Rc2 40. Ke3 Rxd2 41. Kxd2 bxa5 42. Nf4 Kd6 43. Nh5 Rc4 44. Kd3 Rxa4 0-1


[Site "https://www.chess.com"]

[Event "Titled Tuesday Blitz July 25 Early 2023"]
[White "Svane, Frederik"]
[Black "Vakhlamov, Igor L."]
[WhiteFideId "12923044"]
[BlackFideId "24126748"]
[WhiteElo "2928"]
[BlackElo "2773"]
[Result "1-0"]
[Round "7"]
[TimeControl "180+2"]
[Date "2023.07.25"]
[WhiteClock "0:00:02"]
[BlackClock "0:00:00"]
[Board "23"]

1. c4 e6 2. Nc3 d5 3. d4 c5 4. e3 Nf6 5. Nf3 Nc6 6. cxd5 exd5 7. Bb5 cxd4 8. exd4 Bd7 9. O-O Be7 10. Bg5 O-O 11. Bxf6 Bxf6 12. Nxd5 Bg4 13. Bxc6 bxc6 14. Nxf6+ Qxf6 15. h3 Bxf3 16. Qxf3 Qxd4 17. b3 Rac8 18. Rae1 Rc7 19. Re4 Qd5 20. Rd1 Qa5 21. Ra4 Qe5 22. Qe4 Qf6 23. Qd4 Qxd4 24. Rdxd4 Re8 25. Kf1 Kf8 26. g3 g6 27. Ra6 h5 28. Rc4 Re6 29. Rca4 Ree7 30. Rb4 Red7 31. Re4 Rd2 32. Kg2 c5 33. Rea4 Rdd7 34. h4 Ke7 35. Kf3 Kd8 36. Kf4 Kc8 37. Ke5 Kb8 38. Rd6 Re7+ 39. Kf4 Re2 40. Kf3 Rc2 41. Rf6 Kb7 42. g4 hxg4+ 43. Kxg4 Kc8 44. Kg5 Kd8 45. Kh6 c4 46. bxc4 R2xc4 47. Rxc4 Rxc4 48. f4 Ke7 49. Kg7 Ra4 50. Rxf7+ Ke6 51. Rf6+ Ke7 52. Kxg6 Rxa2 53. h5 Rg2+ 54. Kf5 Rh2 55. Kg6 Rxh5 56. Rf7+ Ke8 57. Rxa7 Rb5 58. f5 Rb6+ 59. f6 Rb8 60. Rh7 1-0


[Site "https://www.chess.com"]

[Event "Titled Tuesday Blitz July 25 Early 2023"]
[White "Madaminov, Mukhiddin"]
[Black "Wagner, Dennis"]
[WhiteFideId "14210703"]
[BlackFideId "24650684"]
[WhiteElo "2922"]
[BlackElo "2767"]
[Result "0-1"]
[Round "7"]
[TimeControl "180+2"]
[Date "2023.07.25"]
[WhiteClock "0:00:18"]
[BlackClock "0:00:03"]
[Board "24"]

1. e4 e5 2. Nf3 Nc6 3. Bb5 a6 4. Ba4 Nf6 5. O-O Be7 6. Re1 b5 7. Bb3 O-O 8. c3 d5 9. exd5 Nxd5 10. Nxe5 Nxe5 11. Rxe5 c6 12. d4 Bd6 13. Re1 Qh4 14. g3 Qh3 15. Re4 g5 16. Qf1 Qh5 17. Qe2 Qg6 18. h4 f5 19. h5 Qf7 20. Re5 Bxe5 21. dxe5 f4 22. g4 Qe6 23. f3 Re8 24. Nd2 Qxe5 25. Ne4 Bxg4 26. Qg2 Bxf3 27. Qxg5+ Kh8 28. Bxd5 Rg8 29. Bxg8 Rxg8 30. Kf2 Rxg5 31. Kxf3 Rg1 32. Kf2 Qxe4 33. Kxg1 Qe1+ 34. Kg2 Qe2+ 35. Kh3 Qxh5+ 36. Kg2 Qe2+ 37. Kh3 Qf3+ 38. Kh4 Kg7 39. Kg5 Qg3+ 40. Kf5 Kf7 41. Bxf4 Qg6+ 42. Ke5 Qe6+ 43. Kd4 Qd5+ 44. Ke3 Qe6+ 45. Kf3 Qf5 46. Re1 h5 47. Re5 Qg4+ 48. Ke4 h4 49. Rg5 Qe2+ 50. Kf5 Qe6# 0-1


[Site "https://www.chess.com"]

[Event "Titled Tuesday Blitz July 25 Early 2023"]
[White "Grandelius, Nils"]
[Black "Morefield, Jason"]
[WhiteFideId "1710400"]
[BlackFideId "30920825"]
[WhiteElo "2873"]
[BlackElo "2746"]
[Result "1-0"]
[Round "7"]
[TimeControl "180+2"]
[Date "2023.07.25"]
[WhiteClock "0:00:08"]
[BlackClock "0:00:00"]
[Board "25"]

1. d4 Nf6 2. Nf3 d5 3. c3 e6 4. Bg5 Be7 5. Nbd2 O-O 6. e3 Nbd7 7. Bd3 b6 8. Qa4 Bb7 9. Ne5 h6 10. Bf4 Nxe5 11. Bxe5 Nd7 12. Bg3 a6 13. O-O c5 14. Rad1 b5 15. Qc2 Rc8 16. Qb1 Qb6 17. a3 cxd4 18. cxd4 Rc6 19. b4 Rfc8 20. Nb3 Rc3 21. Nc5 Nxc5 22. dxc5 Qd8 23. Be5 Rxa3 24. Qb2 Rxd3 25. Rxd3 f6 26. Bc3 Qe8 27. Rd2 Qg6 28. Qb1 Qg5 29. f4 Qg4 30. h3 Qh5 31. Qa2 Kh8 32. Ba1 e5 33. fxe5 fxe5 34. Rxd5 Bxd5 35. Qxd5 Bf6 36. Qb7 Qe8 37. Qxa6 Qd7 38. Rxf6 gxf6 39. Qxf6+ Kh7 40. Bxe5 Re8 41. c6 Qd1+ 42. Kh2 Qh5 43. c7 Qg6 44. Qf4 Qe6 45. Qe4+ Qg6 46. Qb7 1-0


[Site "https://www.chess.com"]

[Event "Titled Tuesday Blitz July 25 Early 2023"]
[White "Xu, Yi"]
[Black "Becerra Rivero, Julio"]
[WhiteFideId "8605564"]
[BlackFideId "3501728"]
[WhiteElo "2742"]
[BlackElo "2872"]
[Result "0-1"]
[Round "7"]
[TimeControl "180+2"]
[Date "2023.07.25"]
[WhiteClock "0:00:13"]
[BlackClock "0:00:17"]
[Board "26"]

1. e4 c5 2. Nf3 Nc6 3. Bb5 g6 4. O-O Bg7 5. c3 Nf6 6. Re1 O-O 7. d4 cxd4 8. cxd4 d5 9. e5 Ne4 10. Bxc6 bxc6 11. Be3 f6 12. exf6 exf6 13. Qc1 Bg4 14. Nbd2 Rc8 15. h3 Be6 16. Nb3 f5 17. Bf4 Re8 18. Be5 Bf8 19. Nc5 Bf7 20. b4 h6 21. Qa3 a5 22. bxa5 Ra8 23. a6 g5 24. Bh2 f4 25. Rac1 Qb6 26. Qb3 Qxb3 27. axb3 Nxc5 28. dxc5 Rxa6 29. Rxe8 Bxe8 30. Nd4 Kf7 31. f3 Bg7 32. Ne2 Ra2 33. Kf1 Bd7 34. Bg1 Bc8 35. Nd4 Ba6+ 36. Ke1 Rxg2 37. Bf2 Rxf2 38. Kxf2 Bxd4+ 39. Kg2 Bb5 40. b4 Be3 41. Ra1 d4 42. Ra7+ Ke6 43. Rh7 d3 44. Rxh6+ Kd5 45. Rd6+ Kc4 46. h4 gxh4 47. Kh3 Kxb4 48. Kxh4 Kxc5 0-1


[Site "https://www.chess.com"]

[Event "Titled Tuesday Blitz July 25 Early 2023"]
[White "Mahdavi, Reza"]
[Black "Kazakouski, Valery"]
[WhiteFideId "12595926"]
[BlackFideId "13507443"]
[WhiteElo "2739"]
[BlackElo "2861"]
[Result "0-1"]
[Round "7"]
[TimeControl "180+2"]
[Date "2023.07.25"]
[WhiteClock "0:00:33"]
[BlackClock "0:01:47"]
[Board "27"]

1. e4 c5 2. Nf3 a6 3. c3 d5 4. exd5 Qxd5 5. d4 Bg4 6. Be2 Nf6 7. h3 Bh5 8. dxc5 Qxc5 9. Be3 Qc7 10. Na3 Nbd7 11. Nc4 Bxf3 12. gxf3 e6 13. a4 Be7 14. Rg1 g6 15. a5 Nd5 16. Bd4 O-O 17. Qc2 Qf4 18. Rg4 Qh6 19. h4 Rac8 20. Ne3 Nf4 21. O-O-O Nf6 22. Rg3 Qxh4 23. Kb1 Rfd8 24. Bc4 N4d5 25. Nxd5 Nxd5 26. Bd3 Nb4 27. Qe2 Nxd3 28. Rxd3 Rd5 29. Re3 Qh5 30. Rg4 Qf5+ 31. Kc1 Bg5 0-1


[Site "https://www.chess.com"]

[Event "Titled Tuesday Blitz July 25 Early 2023"]
[White "Leon Oquendo, Jorge"]
[Black "Salinas Herrera, Pablo"]
[WhiteFideId "3514803"]
[BlackFideId "3407128"]
[WhiteElo "2719"]
[BlackElo "2849"]
[Result "1-0"]
[Round "7"]
[TimeControl "180+2"]
[Date "2023.07.25"]
[WhiteClock "0:00:09"]
[BlackClock "0:00:08"]
[Board "28"]

1. d4 d5 2. c4 e6 3. Nc3 Nf6 4. Bg5 Nbd7 5. e3 c6 6. Nf3 Qa5 7. Qc2 Ne4 8. Bf4 Bb4 9. Rc1 O-O 10. Bd3 Ndf6 11. O-O Nxc3 12. bxc3 Ba3 13. Rb1 dxc4 14. Bxc4 Nd5 15. Bg3 Nxc3 16. Rb3 Nd5 17. e4 Nb6 18. Bd3 Be7 19. e5 h6 20. Qe2 Qd5 21. Bb1 Rd8 22. Bf4 Bf8 23. h4 Bd7 24. h5 Be8 25. Qc2 g6 26. hxg6 fxg6 27. Nh4 Rd7 28. Nxg6 Rg7 29. Rg3 Bxg6 30. Rxg6 Qxd4 31. Rxg7+ Bxg7 32. Qh7+ Kf8 33. Bxh6 Qxe5 34. Bg6 Qf6 35. Re1 Bxh6 36. Qxh6+ Qg7 37. Qg5 Qe7 38. Qh6+ Qg7 39. Qf4+ Kg8 40. Rxe6 Rf8 41. Qg4 Nd5 42. g3 Nf6 43. Qg5 Nd5 44. Re4 Qa1+ 45. Kg2 Qg7 46. Rg4 Nf6 47. Rh4 Nd5 48. Bh7+ Kh8 49. Be4+ Kg8 50. Bxd5+ cxd5 51. Qxd5+ Rf7 52. Qd8+ Rf8 53. Qd5+ Rf7 54. Qe4 Qf6 55. Rg4+ Kf8 56. Rf4 Qg7 57. Qxb7 Rxf4 58. Qxg7+ Kxg7 59. gxf4 Kf6 60. Kf3 Kf5 61. Ke3 Ke6 62. Ke4 Kf6 63. a4 Kf7 64. a5 Kf6 65. a6 Ke6 66. f5+ Kf6 67. Kf4 Ke7 68. Ke5 Kd7 69. f6 Ke8 70. Ke6 Kd8 71. Kd6 Ke8 72. Kc6 1-0


[Site "https://www.chess.com"]

[Event "Titled Tuesday Blitz July 25 Early 2023"]
[White "Antal, Gergely"]
[Black "Cordova, Emilio"]
[WhiteFideId "717312"]
[BlackFideId "3801497"]
[WhiteElo "2690"]
[BlackElo "2838"]
[Result "0-1"]
[Round "7"]
[TimeControl "180+2"]
[Date "2023.07.25"]
[WhiteClock "0:00:07"]
[BlackClock "0:00:28"]
[Board "29"]

1. Nc3 c5 2. e4 b6 3. a4 Bb7 4. Nf3 e6 5. d4 cxd4 6. Nxd4 a6 7. Bd3 Bc5 8. Nb3 Be7 9. O-O Qc7 10. Qg4 Nf6 11. Qxg7 Rg8 12. Qh6 Nc6 13. Bf4 Ne5 14. Bg3 Nfg4 15. Qxh7 O-O-O 16. h3 Nf3+ 17. gxf3 Nxf2 18. Kxf2 Qxg3+ 19. Ke2 Bh4 20. Nd1 Rh8 21. Qxf7 Rdf8 22. Qxf8+ Rxf8 23. Nd2 Qxh3 24. Nf2 Qg2 25. b4 Kb8 26. a5 b5 27. c4 bxc4 28. Bxc4 d5 29. Bd3 Rd8 30. b5 dxe4 31. Nxe4 Bxe4 32. Bxe4 axb5 33. a6 Ka7 34. Rac1 Qg7 35. Rc6 Qb2+ 36. Rc2 Qe5 37. Nd3 Qh2+ 38. Nf2 b4 39. Rb2 Bxf2 40. Rxf2 Qd6 41. Kf1 Qd1+ 42. Kg2 Rg8+ 43. Kh2 Qg1+ 44. Kh3 Qg3# 0-1


[Site "https://www.chess.com"]

[Event "Titled Tuesday Blitz July 25 Early 2023"]
[White "Vitiugov, Nikita"]
[Black "Mamedov, Edgar"]
[WhiteFideId "4152956"]
[BlackFideId "13739980"]
[WhiteElo "2837"]
[BlackElo "2620"]
[Result "1-0"]
[Round "7"]
[TimeControl "180+2"]
[Date "2023.07.25"]
[WhiteClock "0:00:14"]
[BlackClock "0:00:00"]
[Board "30"]

1. e4 c5 2. Nf3 Nc6 3. Bb5 e5 4. O-O Bd6 5. c3 a6 6. Ba4 b5 7. Bb3 c4 8. Bc2 Nf6 9. d3 cxd3 10. Qxd3 Bc7 11. Bg5 h6 12. Bxf6 Qxf6 13. Nbd2 O-O 14. Rfd1 Rb8 15. Nf1 d6 16. Ne3 Be6 17. Bb3 Na5 18. Bd5 Bb6 19. Nf5 Bxf5 20. exf5 Nc4 21. Rab1 Ba7 22. Qe4 Kh8 23. h4 g6 24. fxg6 fxg6 25. b3 Nb6 26. Rd3 Nd7 27. b4 Qf5 28. Qxf5 gxf5 29. Bc6 Nf6 30. Rxd6 Ng4 31. Kf1 Bxf2 32. Nxe5 Nxe5 33. Kxf2 Rbc8 34. Bf3 Rxc3 35. Rxh6+ Kg7 36. Rxa6 f4 37. Rd1 Rc2+ 38. Kf1 Nxf3 39. gxf3 Re8 40. Rd7+ Kh8 41. Rad6 Rc1+ 42. Rd1 Rxd1+ 43. Rxd1 Ra8 44. Rd2 Ra3 45. Kg2 Ra4 46. Rd4 Rxa2+ 47. Kh3 Rc2 48. Kg4 Kg7 49. Kxf4 Kf6 50. Rd6+ Ke7 51. Rd4 Kf6 52. h5 Rh2 53. h6 Ke6 54. Kg5 Rg2+ 55. Rg4 Rh2 56. Rh4 Rg2+ 57. Kf4 Rg8 58. h7 Rf8+ 59. Ke4 Rh8 60. f4 1-0


[Site "https://www.chess.com"]

[Event "Titled Tuesday Blitz July 25 Early 2023"]
[White "Movahed, Sina"]
[Black "Lenaerts, Lennert"]
[WhiteFideId "42520835"]
[BlackFideId "211435"]
[WhiteElo "2962"]
[BlackElo "2641"]
[Result "1-0"]
[Round "7"]
[TimeControl "180+2"]
[Date "2023.07.25"]
[WhiteClock "0:01:11"]
[BlackClock "0:01:03"]
[Board "31"]

1. e4 e5 2. Nf3 Nc6 3. Bb5 g6 4. O-O Bg7 5. c3 d6 6. d4 Bd7 7. Bg5 f6 8. Be3 Nh6 9. c4 Ng4 10. Bxc6 Bxc6 11. Nc3 Nxe3 12. fxe3 O-O 13. b4 exd4 14. exd4 f5 15. Qd3 fxe4 16. Nxe4 d5 17. Nc3 Kh8 18. c5 a6 19. Rae1 Qd7 20. Ne5 Rxf1+ 21. Qxf1 Bxe5 22. Rxe5 Re8 23. Qf6+ Kg8 24. Ne2 Rf8 25. Qh4 Qf7 26. h3 Bb5 27. Re7 Qf1+ 28. Kh2 Rf7 29. Rxf7 Qxf7 30. Nf4 Bc4 31. Qg5 Kf8 32. Qe5 Kg8 33. Ne6 Bxa2 34. Nxc7 Bc4 35. Ne8 Qf5 36. Qg7# 1-0


[Site "https://www.chess.com"]

[Event "Titled Tuesday Blitz July 25 Early 2023"]
[White "Panesar Vedant"]
[Black "Svane, Rasmus"]
[WhiteFideId "35033018"]
[BlackFideId "4657101"]
[WhiteElo "2716"]
[BlackElo "2961"]
[Result "0-1"]
[Round "7"]
[TimeControl "180+2"]
[Date "2023.07.25"]
[WhiteClock "0:00:25"]
[BlackClock "0:00:05"]
[Board "32"]

1. d4 d5 2. c4 e6 3. Nf3 a6 4. Bg5 Be7 5. Bxe7 Nxe7 6. g3 dxc4 7. Bg2 b5 8. Ne5 c6 9. a4 Bb7 10. Nc3 Qc7 11. O-O O-O 12. Ne4 f6 13. Nf3 Nd7 14. Bh3 f5 15. Neg5 Rf6 16. e4 h6 17. exf5 hxg5 18. fxe6 Nf8 19. Nxg5 c5 20. Qh5 cxd4 21. Nf7 Neg6 22. Bf5 Rxf7 23. exf7+ Qxf7 24. axb5 axb5 25. Rxa8 Bxa8 26. Ra1 Bd5 27. Ra5 Qe7 28. Ra1 Ne5 29. Bg4 Nxg4 30. Qxd5+ Qf7 31. Qxd4 Qf5 32. Re1 Ne6 33. Qa7 Ng5 34. Re8+ Kh7 35. f4 Qb1+ 36. Kg2 Qc2+ 37. Kh1 Qxh2# 0-1


[Site "https://www.chess.com"]

[Event "Titled Tuesday Blitz July 25 Early 2023"]
[White "Indjic, Aleksandar"]
[Black "Koellner, Ruben Gideon"]
[WhiteFideId "911925"]
[BlackFideId "12993093"]
[WhiteElo "2952"]
[BlackElo "2715"]
[Result "1-0"]
[Round "7"]
[TimeControl "180+2"]
[Date "2023.07.25"]
[WhiteClock "0:01:32"]
[BlackClock "0:00:03"]
[Board "33"]

1. e4 d6 2. f4 Nf6 3. Nc3 e5 4. Nf3 exf4 5. Bc4 Nh5 6. d4 g6 7. Nd5 Bh6 8. g3 Be6 9. Bb3 Bxd5 10. Bxd5 c6 11. Bb3 O-O 12. g4 Ng7 13. h4 Ne6 14. g5 Bg7 15. c3 a5 16. a3 Qe7 17. Qe2 Nd7 18. Bd2 b5 19. O-O-O b4 20. h5 bxa3 21. hxg6 fxg6 22. Qh2 axb2+ 23. Kb1 Rfb8 24. Ba2 Nf8 25. Bxf4 d5 26. Bxb8 Nxd4 27. Nxd4 Qxe4+ 28. Nc2 Bxc3 29. Bd6 Ra7 30. Bxf8 Kxf8 31. Qb8+ Qe8 32. Qxa7 Qe7 33. Qb8+ Qe8 34. Rdf1+ 1-0


[Site "https://www.chess.com"]

[Event "Titled Tuesday Blitz July 25 Early 2023"]
[White "Vaishali, Rameshbabu"]
[Black "Ibarra Jerez, Jose Carlos"]
[WhiteFideId "5091756"]
[BlackFideId "2226332"]
[WhiteElo "2704"]
[BlackElo "2927"]
[Result "1-0"]
[Round "7"]
[TimeControl "180+2"]
[Date "2023.07.25"]
[WhiteClock "0:00:03"]
[BlackClock "0:00:01"]
[Board "35"]

1. Nf3 d6 2. e4 Nf6 3. Nc3 e5 4. d4 exd4 5. Nxd4 Be7 6. g3 d5 7. e5 Ng4 8. Bg2 O-O 9. O-O Nxe5 10. Nxd5 Bc5 11. Bf4 Nbd7 12. Re1 Re8 13. Nb5 Bd6 14. Qd2 Nb6 15. Ndxc7 Nbc4 16. Qxd6 Nxd6 17. Nxd6 Re7 18. Nxa8 Bg4 19. Bxe5 Qxa8 20. h3 Bd7 21. Nxb7 h6 22. Rad1 Qe8 23. Nd6 Qf8 24. Kh2 Be6 25. c4 Rc7 26. b3 a6 27. Bc3 Rd7 28. c5 Qb8 29. Be5 Qb4 30. c6 Rc7 31. Ne8 Rc8 32. Nxg7 a5 33. Nxe6 fxe6 34. Re4 Qe7 35. Rd7 Qg5 36. Rg4 Rxc6 37. Rxg5+ 1-0


[Site "https://www.chess.com"]